 Dungeon Crawl Stone Soup version 0.21.1-1-g345015f (webtiles) character file.

435 Kandryn the Ruffian (level 6, -1/61 HPs)
             Began as a Troll Fighter on June 20, 2018.
             Was an Initiate of Okawaru.
             Slain by a sky beast (5 damage)
             ... on level 4 of the Dungeon.
             The game lasted 00:16:41 (2671 turns).

Kandryn the Ruffian (Troll Fighter)                 Turns: 2671, Time: 00:16:41

Health: -1/61      AC:  5    Str: 26 (27) XL:     6   Next: 68%
Magic:  5/5        EV:  9    Int:  2 (4)  God:    Okawaru [......]
Gold:   184        SH:  9    Dex:  9      Spells: 5/5 levels left

rFire    + . .     SeeInvis .     - Unarmed
rCold    + . .     Gourm    +   b - +0 shield
rNeg     . . .     Faith    .   a - +0 robe
rPois    .         Spirit   .   (helmet restricted)
rElec    .         Reflect  .   j - scarf {rC+ rF+}
rCorr    .         Harm     .   (gloves unavailable)
MR       .....                  (boots unavailable)
Stlth    +.........             (no amulet)
HPRegen  0.60/turn              (no ring)
MPRegen  0.09/turn              (no ring)

@: no status effects
A: large, unfitting armour, claws 3, fast metabolism 3, gourmand, regeneration
1, shaggy fur 1, tough skin 2
a: Renounce Religion


You were on level 4 of the Dungeon.
You worshipped Okawaru.
Okawaru was noncommittal.
You were very full.

You visited 1 branch of the dungeon, and saw 4 of its levels.

You collected 184 gold pieces.

Inventory:

Hand Weapons
 l - a +3 mace
Armour
 a - a +0 robe (worn)
 b - a +0 shield (worn)
 f - a +0 robe
 j - a scarf of resistance (worn)
 r - a +1 leather armour of fire resistance
Jewellery
 e - an uncursed amulet of the gourmand {unknown}
 i - a cursed amulet of inaccuracy {unknown}
Wands
 q - a wand of polymorph (15)
Scrolls
 k - a scroll of enchant weapon
 o - a scroll of identify
 p - a scroll of blinking
 s - a scroll of teleportation
Potions
 c - 2 potions of might
 g - 2 potions of degeneration
 h - a potion of magic {unknown}
 m - a potion of berserk rage {unknown}
 n - a potion of brilliance {unknown}
Comestibles
 d - 5 rations


   Skills:
 + Level 3.0 Fighting
 + Level 3.8 Dodging
 - Level 0.1 Stealth
 + Level 3.6 Shields
 + Level 4.8 Unarmed Combat


You had 5 spell levels left.
You didn't know any spells.

Dungeon Overview and Level Annotations

Branches:
Dungeon (4/15)             Temple (0/1) D:4

Altars:
Dithmenos
Nemelex Xobeh
Okawaru
Sif Muna
Vehumet


Innate Abilities, Weirdness & Mutations

You are too large for most types of armour.
You have claws for hands.
Your metabolism is lightning-fast.
You like to eat raw meat.
Your natural rate of healing is unusually fast.
You are covered in fur. (AC +1)
You have very tough skin. (AC +2)


Message History

Your shield prevents you from hitting something.
Something hits you. Something shocks you.
* * * LOW HITPOINT WARNING * * *
Your shield prevents you from hitting something.
Something hits you.
* * * LOW HITPOINT WARNING * * *
Something shocks you.
* * * LOW HITPOINT WARNING * * *
A sky beast appears from thin air!
Reactivating autopickup.
You claw the sky beast!
The sky beast is moderately wounded.
The sky beast hits you.
* * * LOW HITPOINT WARNING * * *
The sky beast shocks you.
* * * LOW HITPOINT WARNING * * *
The sky beast hits you.
* * * LOW HITPOINT WARNING * * *
The sky beast shocks you.
You die...

## ..#### ## #...... ##≈ .
......... #≈≈ ..###
.......... #≈≈
...###.)......... #≈≈
.8>8#.........>. #≈≈
###...............#≈≈
#...@.............##≈
####.##Y.^............##
##....#................
#....................####
#................###.....≈
#............#..###......≈
#............#.##.........
##.............##........≈
##...#.........)........≈


You could see a sky beast.

Vanquished Creatures
  Purgy (D:3)
  The ghost of tyranidshit the Skirmisher, an amateur DsAK of Lugonu (D:3)
  An ogre (D:4)
  Jessica (D:3)
  2 worker ants (D:4)
  2 adders (D:4)
  2 oozes
  A worm (D:2)
  2 leopard geckos
  An orc (D:4)
  2 ball pythons
  6 giant cockroaches
  11 hobgoblins
  6 jackals (D:1)
  2 kobolds
  2 quokkas
  5 bats
  5 frilled lizards
  3 goblins
  A quokka skeleton (D:2)
  9 rats
66 creatures vanquished.

Notes
Turn   | Place    | Note
-------+----------+-------------------------------------------
     0 | D:1      | Kandryn the Troll Fighter began the quest for the Orb.
     0 | D:1      | Reached XP level 1. HP: 22/22 MP: 0/0
   115 | D:1      | Noticed a basilisk
   115 | D:1      | Noticed a tyrant leech
   115 | D:1      | Noticed a queen ant
   115 | D:1      | Noticed a centaur
   207 | D:1      | Reached XP level 2. HP: 29/29 MP: 1/1
   366 | D:1      | Found a sparkling altar of Nemelex Xobeh.
   452 | D:1      | Reached XP level 3. HP: 36/36 MP: 2/2
  1441 | D:3      | Noticed tyranidshit's ghost (amateur DsAK)
  1509 | D:3      | Killed tyranidshit's ghost
  1509 | D:3      | Reached skill level 3 in Unarmed Combat
  1509 | D:3      | Reached XP level 4. HP: 29/44 MP: 3/3
  1509 | D:3      | Reached XP level 5. HP: 34/52 MP: 4/4
  2100 | D:3      | Found a radiant altar of Vehumet.
  2100 | D:3      | Found a shadowy altar of Dithmenos.
  2154 | D:3      | Noticed Purgy
  2168 | D:3      | Killed Purgy
  2168 | D:3      | Reached skill level 4 in Unarmed Combat
  2231 | D:3      | Noticed Jessica
  2274 | D:3      | Killed Jessica
  2274 | D:3      | Reached XP level 6. HP: 59/59 MP: 5/5
  2465 | D:4      | Found a deep blue altar of Sif Muna.
  2581 | D:4      | Found an iron altar of Okawaru.
  2611 | D:4      | Became a worshipper of Warmaster Okawaru
  2653 | D:4      | Found a staircase to the Ecumenical Temple.
  2653 | D:4      | Noticed a sky beast
  2671 | D:4      | Slain by a sky beast

Skill      XL: |  1  2  3  4  5  6 |
---------------+-------------------+-----
Dodging        | 3 |  3.8
Shields        | 3 |  3.6
Unarmed Combat | 3 4 |  4.8
Fighting       | 3 |  3.0
Stealth        | |  0.1

Action                   |  1- 3 |  4- 6 || total
-------------------------+-------+-------++-------
Melee: Unarmed           |   153 |    81 ||   234
  Use: Scroll            |     7 |     3 ||    10
       Potion            |     2 |     1 ||     3
 Stab: Sleeping          |     1 |       ||     1
  Eat: Chunk             |    19 |    10 ||    29
Armor: Robe              |    53 |    26 ||    79
Dodge: Dodged            |    41 |    27 ||    68
Block: Shield            |    65 |    35 ||   100
